 Dungeon Crawl Stone Soup version 0.29-a0-477-g62b78b4225 (webtiles) character file.

Game seed: 16987253843960517030

9 Hubjo the Firebug (level 2, 0/16 HPs)
             Began as a Deep Elf Fire Elementalist on May 24, 2022.
             Slain by a quokka (2 damage)
             ... on level 1 of the Dungeon.
             The game lasted 00:00:22 (330 turns).

Hubjo the Firebug (Deep Elf Fire Elementalist)       Turns: 330, Time: 00:00:23

Health: 0/16       AC:  2    Str:  5    XL:     2   Next: 6%
Magic:  1/8        EV: 12    Int: 19    God:
Gold:   0          SH:  0    Dex: 15    Spells: 6/7 levels left

rFire   . . .      SeeInvis .   (no weapon)
rCold   . . .      Faith    .   (no shield)
rNeg    . . .      Spirit   .   a - +0 robe
rPois   .          Reflect  .   (no helmet)
rElec   .          Harm     .   (no cloak)
rCorr   .          Rampage  .   (no gloves)
Will    .....                   (no boots)
Stlth   ++........              (no amulet)
HPRegen 0.05/turn               (no ring)
MPRegen 0.11/turn               (no ring)

@: no status effects
A: no striking features
a: no special abilities


You were on level 1 of the Dungeon.
You visited 1 branch of the dungeon, and saw 1 of its levels.

Inventory:

Armour
 a - a +0 robe (worn)
Scrolls
 c - a scroll of fog {unknown}
Potions
 b - a potion of magic


   Skills:
 * Level 0.7 Fighting
 - Level 2.4 Dodging
 + Level 2.7 Stealth
 + Level 3.2 Spellcasting
 - Level 1.1 Conjurations
 + Level 3.4 Fire Magic


You had 6 spell levels left.
You knew the following spells:

 Your Spells              Type           Power      Damage    Failure   Level
a - Foxfire               Conj/Fire      44%        2x1d6     6%          1

Your spell library contained the following spells:

 Spells                   Type           Power      Damage    Failure   Level
 Scorch                   Fire           32%        2d7       5%          2
 Conjure Flame            Conj/Fire      11%        6-21      19%         3
 Inner Flame              Hex/Fire       9%         N/A       22%         3
 Flame Wave               Conj/Fire      11%        2d5       52%         4


Dungeon Overview and Level Annotations

Branches:
Dungeon (1/15)

Altars:


Message History

A bat comes into view.
The foxfire hits the hobgoblin.
The hobgoblin is heavily wounded.
There are monsters nearby!
You conjure some foxfire!
The foxfire hits the hobgoblin.
The hobgoblin is almost dead.
There are monsters nearby!
You conjure some foxfire!
The foxfire hits the hobgoblin.
You kill the hobgoblin!
The foxfire hits the bat.
You kill the bat!
You have reached level 2!
You are too depleted to draw on your mana recklessly!
A quokka comes into view.
You are too depleted to draw on your mana recklessly!
A quokka is nearby!
You are too depleted to draw on your mana recklessly!
A quokka is nearby!
You are too depleted to draw on your mana recklessly!
A quokka is nearby!
The foxfire hits the quokka.
The quokka is moderately wounded.
A ball python comes into view.
The ball python hisses angrily.
The quokka bites you but does no damage.
You see here a +0 dagger.
You conjure some foxfire!
The quokka twitches its whiskers.
The quokka bites you.
Your foxfire dissipates!
The foxfire hits the ball python.
You kill the ball python!
The quokka attacks as you move away! The quokka closely misses you.
The quokka closely misses you. The quokka attacks as you move away!
The quokka bites you. The quokka bites you.
The quokka attacks as you move away! The quokka bites you.
* * * LOW HITPOINT WARNING * * *
The quokka barely misses you. The quokka bites you.
You die...

############ ########
...........###......#
.............+......+
##########..##......#
#######.##......#
.........)......#
........$.......#
.............r..#
####............@...#
...######.......)...#
...# #.##..##..?.#
...# #.....##.####
...# #......... ...#
##. ##.# #..# #.#
...## #.# .#..#####


You could see a quokka.

Vanquished Creatures
  2 bats (D:1)
  An endoplasm (D:1)
  A giant cockroach (D:1)
  A goblin (D:1)
  A hobgoblin (D:1)
  A ball python (D:1)
  2 rats (D:1)
9 creatures vanquished.

Vanquished Creatures (others)
  51 foxfires (D:1)
51 creatures vanquished.

Grand Total: 60 creatures vanquished

Notes
Turn   | Place    | Note
-------+----------+-------------------------------------------
     0 | D:1      | Hubjo the Deep Elf Fire Elementalist began the quest for
                  | the Orb.
     0 | D:1      | Reached XP level 1. HP: 10/10 MP: 6/6
   316 | D:1      | Reached XP level 2. HP: 16/16 MP: 0/8
   330 | D:1      | Slain by a quokka

Illustrated notes

Levels and vault maps discovered:
D:1:      scummos_arrival_star, layout_basic, hellmonk_ecumenical_altar_run_dry

Action                   || total
-------------------------++-------
 Cast: Foxfire           ||    29
Armor: Robe              ||     2
Dodge: Dodged            ||     6

Table legend: (Time is in decaauts)
 A = Elapsed time spent in this place.
 B = Non-inter-level travel time spent in this place.
 C = Inter-level travel time spent in this place.
 D = Time resting spent in this place.
 E = Time spent auto-exploring this place.
 F = Levels seen in this place.
 G = Mean time per level.
                   A        B        C        D        E       F      G
               +--------+--------+--------+--------+--------+-----+--------+
         Total |    330 |    330 |      0 |      0 |    272 |   1 |  330.0 |
       Dungeon |    330 |    330 |      0 |      0 |    272 |   1 |  330.0 |
               +--------+--------+--------+--------+--------+-----+--------+

Top non-repeatable levels by time:
     D:1: 330 daAuts
